 Dungeon Crawl Stone Soup version 0.19.0-24-gb05acd6 (webtiles) character file.

80 Monsterracer the Firebug (level 4, -3/26 HPs)
             Began as a Deep Elf Fire Elementalist on Nov 21, 2016.
             Killed from afar by an orc wizard (10 damage)
             ... with a puff of flame
             ... on level 4 of the Dungeon.
             The game lasted 00:08:09 (2603 turns).

Monsterracer the Firebug (DEFE)                     Turns: 2603, Time: 00:08:10

Health: -3/26      AC:  4    Str:  5    XL:     4   Next: 18%
Magic:  15/19      EV: 12    Int: 26    God:
Gold:   98         SH:  0    Dex: 15    Spells: 3 memorised, 1 level left

rFire  . . .     SeeInvis .     e - +1 short sword
rCold  . . .     Gourm    .     d - +0 leather armour
rNeg   . . .     Faith    .     (no shield)
rPois  .         Spirit   .     (no helmet)
rElec  .         Reflect  .     (no cloak)
rCorr  .         Harm     .     n - +0 pair of gloves
MR     .....                    (no boots)
Stlth  ++........               (no amulet)
                                m - ring of magical power
                                l - +5 ring of intelligence

@: very slightly contaminated
A: talons 1, robust 1, wild magic 1, evolution 1, sturdy frame 1
a: no special abilities


You were on level 4 of the Dungeon.
You were not hungry.

You visited 1 branch of the dungeon, and saw 6 of its levels.

You collected 98 gold pieces.

Inventory:

Hand Weapons
 e - a +1 short sword (weapon)
Armour
 a - a +0 robe
 d - a +0 leather armour (worn)
 n - a +0 pair of gloves (worn)
Jewellery
 l - a +5 ring of intelligence (left hand)
 m - a ring of magical power (right hand)
Scrolls
 f - 2 scrolls of remove curse
 g - a scroll of identify
 i - a scroll of magic mapping
 o - a scroll of enchant weapon
Potions
 j - 3 potions of curing
Books
 b - a book of Flames

   Spells                             Type                      Level
   a - Flame Tongue                   Conjuration/Fire             1
   b - Throw Flame                    Conjuration/Fire             2
   c - Conjure Flame                  Conjuration/Fire             3
   d - Inner Flame                    Hexes/Fire                   3
   e - Sticky Flame                   Conjuration/Fire             4
   f - Fireball                       Conjuration/Fire             5
Comestibles
 c - 5 bread rations
 h - 2 meat rations


   Skills:
 - Level 2.4 Dodging
 - Level 2.4 Stealth
 + Level 3.0 Spellcasting
 * Level 2.9 Conjurations
 * Level 4.7 Fire Magic


You had one spell level left.
You knew the following spells:

 Your Spells              Type           Power        Failure   Level  Hunger
a - Flame Tongue          Conj/Fire      ####.        3%          1    None
b - Conjure Flame         Conj/Fire      ####....     12%         3    ###....
c - Sticky Flame          Conj/Fire      ####....     28%         4    ####...


Dungeon Overview and Level Annotations

Branches:
Dungeon (6/15)             Temple (0/1) D:4

Altars:
The Shining One

Shops:
D:6 [

Annotations:
D:4 Ijustatesigmund's ghost, amateur MiMo


Innate Abilities, Weirdness & Mutations

You have sharp toenails.
You are robust. (+10% HP)
Your spells are a little harder to cast, but a little more powerful.
You evolve.
Your movements are slightly less encumbered by armour. (ER -2)


Message History

Confirm with . or Enter, or press ? or * to list all spells.
Aiming: Conjure Flame
Press: ? - help, Dir - move target cursor, p - orc The fire roars!
Casting: Conjure Flame
Confirm with . or Enter, or press ? or * to list all spells.
Aiming: Flame Tongue
Press: ? - help, Shift-Dir - straight line, f - orc
Aim: an orc, wielding a mace The flame tongue hits the orc.
You kill the orc!
A puff of flame appears from out of thin air!
The puff of flame hits you!
* * * LOW HITPOINT WARNING * * *
The orc priest calls down the wrath of Beogh upon you.
You feel a genetic drift.
You feel robust.
A puff of flame appears from out of thin air!
The puff of flame hits you!
You die...

####.....oo...#.##
.....######.{..o.#
####.# #....#o#
#.# ##....#.#
#.#####.....#.#
###...........#)#
##...†####.....#§#
.>.#.## #....>.#.#
####.####.#....#@#
##......######.#
#...##### #.#
#..## #.# #...#
#.# #..#.# #.#
#.#..# #.# .. .##
#.# ###.


You could see an orc priest and an orc.

Vanquished Creatures
  2 adders (D:2)
  An ooze (D:3)
  A dart slug (D:2)
  2 leopard geckos
  2 orcs (D:4)
  4 giant cockroaches
  3 goblins
  10 hobgoblins
  3 ball pythons
  5 bats
  3 frilled lizards
  8 kobolds
  6 rats (D:1)
50 creatures vanquished.

Notes
Turn   | Place    | Note
-------+----------+-------------------------------------------
     0 | D:1      | Monsterracer the Deep Elf Fire Elementalist began the quest for the Orb.
     0 | D:1      | Reached XP level 1. HP: 10/10 MP: 6/6
   657 | D:1      | Reached XP level 2. HP: 15/15 MP: 6/8
   801 | D:1      | Gained mutation: Your spells are a little harder to cast, but a little more powerful. [potion of mutation]
   801 | D:1      | Gained mutation: You have sharp toenails. [potion of mutation]
   801 | D:1      | Gained mutation: Your movements are slightly less encumbered by armour. (ER -2) [potion of mutation]
   997 | D:1      | Reached skill level 4 in Fire Magic
  1359 | D:2      | Reached XP level 3. HP: 19/19 MP: 4/9
  1487 | D:2      | Found a glowing golden altar of the Shining One.
  1532 | D:2      | Learned a level 3 spell: Conjure Flame
  2205 | D:3      | Reached XP level 4. HP: 24/24 MP: 7/10
  2393 | D:3      | Gained mutation: You evolve. [potion of beneficial mutation]
  2401 | D:3      | Learned a level 4 spell: Sticky Flame
  2417 | D:3      | You fall through a shaft for 3 floors!
  2417 | D:6      | Found Citoysa's Antique Armour Emporium.
  2528 | D:5      | Entered Level 5 of the Dungeon
  2569 | D:4      | Noticed Ijustatesigmund's ghost (amateur MiMo)
  2579 | D:4      | Found a staircase to the Ecumenical Temple.
  2602 | D:4      | Gained mutation: You are robust. (+10% HP) [evolution]
  2603 | D:4      | Killed from afar by an orc wizard

Skill      XL: |  1  2 |
---------------+-------+-----
Conjurations   | 2 |  2.9
Fire Magic     | 4 |  4.7
Dodging        | |  2.4
Stealth        | |  2.4
Spellcasting   | |  3.0

Action                   |  1- 3 |  4- 6 || total
-------------------------+-------+-------++-------
Melee: Unarmed           |     3 |       ||     3
       Short sword       |     1 |     3 ||     4
 Cast: Flame Tongue      |    66 |    12 ||    78
       Conjure Flame     |       |     1 ||     1
  Use: Potion            |     4 |     1 ||     5
       Scroll            |     4 |       ||     4
  Eat: Chunk             |     4 |     1 ||     5
Armor: Leather armour    |       |     2 ||     2
Dodge: Dodged            |    15 |     2 ||    17
